 Dungeon Crawl Stone Soup version 0.17-a0-1596-g1e86911 (webtiles) character file.

882 dorian the Firebug (level 8, -1/46 HPs)
             Began as an Octopode Fire Elementalist on July 30, 2015.
             Slain by a centaur (6 damage)
             ... on level 5 of the Dungeon.
             The game lasted 00:14:00 (5279 turns).

dorian the Firebug (Octopode Fire Elementalist)     Turns: 5279, Time: 00:14:00

Health: -1/46      AC:  6    Str:  7    XL:     8   Next: 5%
Magic:  8/11       EV: 12    Int: 20    God:
Gold:   320        SH:  0    Dex: 12    Spells: 3 memorised, 3 levels left

rFire  . . .     SeeInvis .     f - +2 mace (protect)
rCold  . . .     Clarity  .     (no shield)
rNeg   . . .     SustAt   .     (helmet restricted)
rPois  .         Gourm    .     (no amulet)
rElec  .         Spirit   .     (no ring)
rCorr  .         Warding  .     (no ring)
rMut   .         Stasis   .     (no ring)
MR     .....                    (no ring)
Stlth  +++.......               (no ring)
                                (no ring)
                                (no ring)
                                (no ring)

@: not resistant to hostile enchantments, fairly stealthy
A: almost no armour, amphibious, 8 rings, constrict 8, camouflage 1, gelatinous
body 1
a: no special abilities


You were on level 5 of the Dungeon.
You were not hungry.

You visited 1 branch of the dungeon, and saw 5 of its levels.

You collected 320 gold pieces.

Inventory:

Hand weapons
 f - a +2 mace of protection (weapon)
 v - a +1 short sword of draining
 C - the +3 dagger "Kocyzil" {flame, rC+ Str+4 Int+3}
   (You found it on level 5 of the Dungeon)

   It has been specially enchanted to burn those struck by it, causing extra
   injury to most foes and up to half again as much damage against particularly
   susceptible opponents.
   It affects your strength (+4).
   It affects your intelligence (+3).
   It protects you from cold.
Scrolls
 d - 3 scrolls of teleportation {unknown}
 g - a scroll of remove curse
 h - a scroll of fog {unknown}
 j - 3 scrolls of blinking {unknown}
 k - 4 scrolls of identify
 l - a scroll of immolation {unknown}
 o - a scroll of summoning {unknown}
 p - 2 scrolls of fear
 x - 2 scrolls of enchant weapon {unknown}
 y - 2 scrolls of magic mapping {unknown}
Potions
 c - a potion of curing
 e - a potion of resistance {unknown}
 m - 2 potions of agility {unknown}
 n - a potion of degeneration {unknown}
 q - a potion of magic {unknown}
 s - a potion of lignification {unknown}
 t - 2 potions of flight {unknown}
 u - 2 potions of berserk rage {unknown}
 z - a potion of cancellation {unknown}
 A - a potion of ambrosia {unknown}
Books
 a - a book of Flames

   Spells                             Type                      Level
   a - Flame Tongue                   Conjuration/Fire             1
   b - Throw Flame                    Conjuration/Fire             2
   c - Conjure Flame                  Conjuration/Fire             3
   d - Inner Flame                    Hexes/Fire                   3
   e - Sticky Flame                   Conjuration/Fire             4
   f - Fireball                       Conjuration/Fire             5
 w - a book of Summonings

   Spells                             Type                      Level
   a - Recall                         Summoning/Translocation      3
   b - Aura of Abjuration             Summoning                    5
   c - Shadow Creatures               Summoning                    5
   d - Summon Demon                   Summoning                    5
   e - Summon Forest                  Summoning/Translocation      5
   f - Summon Mana Viper              Hexes/Summoning              5
Comestibles
 b - 3 bread rations
 i - 5 meat rations
 r - a fruit
 B - a royal jelly


   Skills:
 - Level 2.0 Dodging
 - Level 2.6 Stealth
 - Level 2.0 Spellcasting
 + Level 6.3 Conjurations
 + Level 6.8 Fire Magic


You had 3 spell levels left.
You knew the following spells:

 Your Spells              Type           Power        Failure   Level  Hunger
a - Flame Tongue          Conj/Fire      ####.        1%          1    #......
b - Conjure Flame         Conj/Fire      ####....     3%          3    ###....
c - Sticky Flame          Conj/Fire      ####....     12%         4    #####..


Dungeon Overview and Level Annotations

Branches:
Dungeon (5/15)
 Temple: D:4-7

Altars:
Kikubaaqudgha
Nemelex Xobeh
Yredelemnul


Innate Abilities, Weirdness & Mutations

You cannot wear most types of armour.
You are amphibious.
You can wear up to eight rings at the same time.
You can use your tentacles to constrict eight enemies at once.
Your skin changes colour to match your surroundings (Stealth).
Your rubbery body absorbs attacks (AC +1).


Message History

The centaur hits you! The centaur closely misses you.
Casting: Flame Tongue
Confirm with . or Enter, or press ? or * to list all spells.
Aiming: Flame Tongue
Press: ? - help, Shift-Dir - straight line, f/p - centaur
Aim: a centaur The flame tongue hits the centaur.
The centaur appears unharmed.
The centaur hits you.
* * * LOW HITPOINT WARNING * * *
Casting: Flame Tongue
Confirm with . or Enter, or press ? or * to list all spells.
Aiming: Flame Tongue
Press: ? - help, Shift-Dir - straight line, f/p - centaur
Aim: a centaur The flame tongue hits the centaur.
The centaur is lightly wounded.
The centaur hits you.
* * * LOW HITPOINT WARNING * * *
The centaur hits you.
You die...

## #.# ### ...
..# #.#
#.########
...##.##.....#
#.#.#.#.##.....#
.........(@c...#
. .#.###)##.....#
#. #.# #.##.....#
#.##.###.####.###
#........# .#
###...#######.#
##.....## #.# #
##.......###.#
.###
#.........##.#
#... #


You could see a centaur.

Vanquished Creatures
  A necrophage (D:5)
  A centaur (D:5)
  4 scorpions
  2 crimson imps (D:5)
  2 hounds
  2 orc wizards
  Terence (D:3)
  2 iguanas
  A worker ant (D:5)
  A hound skeleton (D:5)
  5 adders
  4 gnolls
  A shadow imp (D:5)
  An adder skeleton (D:4)
  2 worms
  27 orcs
  11 bats
  4 giant cockroaches
  16 goblins
  7 hobgoblins
  3 jackals (D:1)
  2 quokkas
  A ball python (D:3)
  4 giant newts
  11 kobolds
  6 rats
122 creatures vanquished.

Notes
Turn   | Place    | Note
--------------------------------------------------------------
     0 | D:1      | dorian the Octopode Fire Elementalist began the quest for the Orb.
     0 | D:1      | Reached XP level 1. HP: 11/11 MP: 3/3
   164 | D:1      | Reached XP level 2. HP: 17/17 MP: 5/5
   949 | D:2      | Reached XP level 3. HP: 21/21 MP: 3/6
  1010 | D:2      | Found an ancient bone altar of Kikubaaqudgha.
  1256 | D:2      | Reached XP level 4. HP: 27/27 MP: 0/7
  1330 | D:2      | Learned a level 3 spell: Conjure Flame
  1800 | D:3      | Reached skill level 4 in Fire Magic
  1999 | D:3      | Reached XP level 5. HP: 28/31 MP: 6/8
  2085 | D:3      | Noticed Terence
  2096 | D:3      | Killed Terence
  2442 | D:3      | Learned a level 4 spell: Sticky Flame
  2872 | D:4      | Reached XP level 6. HP: 31/36 MP: 2/9
  2967 | D:4      | Reached skill level 5 in Fire Magic
  3988 | D:4      | Reached skill level 5 in Conjurations
  3988 | D:4      | Reached XP level 7. HP: 31/41 MP: 2/10
  4455 | D:4      | Found a sparkling altar of Nemelex Xobeh.
  4585 | D:5      | Entered Level 5 of the Dungeon
  4602 | D:5      | Reached skill level 6 in Fire Magic
  4861 | D:5      | Got a fine dagger
  4862 | D:5      | Identified the +3 dagger "Kocyzil" {flame, rC+ Str+4 Int+3} (You found it on level 5 of the Dungeon)
  5175 | D:5      | Found a basalt altar of Yredelemnul.
  5196 | D:5      | Reached XP level 8. HP: 46/46 MP: 5/11
  5279 | D:5      | Slain by a centaur

Vault maps used:
D:1:      lemuel_arrival_muddy, serial_park_tiny_1
D:2:      kiku_gazebo_pond_becter
D:3:      kennysheep_the_goblin_king, first_bread, uniq_terence
D:4:      nemelex_diamond_rough_becter
D:5:      nicolae_overflow_crystal_walls, st_stairs_8, kennysheep_small_spiral,
          grunt_ministairs_15

Action                   |  1- 3 |  4- 6 |  7- 9 || total
-------------------------+-------+-------+-------++-------
Melee: Unarmed           |    29 |       |       ||    29
       Mace              |     7 |    43 |    10 ||    60
 Cast: Flame Tongue      |    41 |   107 |    58 ||   206
  Use: Scroll            |       |     3 |       ||     3
       Potion            |       |     2 |       ||     2
 Stab: Sleeping          |     3 |     2 |       ||     5
  Eat: Chunk             |     2 |     6 |     3 ||    11
       Beef jerky        |       |     2 |       ||     2
       Fruit             |       |     1 |     1 ||     2
